 Dungeon Crawl Stone Soup version 0.31-a0-632-g766dd24fdf (webtiles) character file.

Game seed: 2958417644663912669

65 CowFu the Ruffian (level 3, 0/27 HPs)
             Began as a Demigod Shapeshifter on Aug 25, 2023.
             Succumbed to an adder's poison
             ... on level 4 of the Dungeon.
             The game lasted 00:02:01 (2283 turns).

CowFu the Ruffian (Demigod Shapeshifter)            Turns: 2283, Time: 00:02:02

Health: 0/27       AC:  2    Str: 20    XL:     3   Next: 67%
Magic:  5/5        EV: 12    Int: 15    God:
Gold:   116        SH:  0    Dex: 14    Spells: 2/2 levels left

rFire   . . .        k - +5 mace of Fate {venom, Int+5}
rCold   . . .        (no shield)
rNeg    . . .        a - +0 animal skin
rPois   .            (helmet currently unavailable)
rElec   .            (cloak currently unavailable)
rCorr   .            (gloves currently unavailable)
SInv    .            (boots currently unavailable)
Will    .....        (no amulet)
Stlth   +            (no ring)
HPRegen 0.24/turn    (no ring)
MPRegen 0.09/turn

%: no passive effects
@: mighty, lethally poisoned (0 -> 0), beast-form
A: beast (slay +2), high MP 1, forlorn, divine attributes
a: Begin Untransformation


You were on level 4 of the Dungeon.
You were a hulking beast.
You visited 1 branch of the dungeon, and saw 4 of its levels.

You collected 116 gold pieces.

Inventory:

Hand Weapons
 k - the +5 mace of Fate (weapon) {venom, Int+5}
   (You found it on level 3 of the Dungeon)

   Int+5:     It affects your intelligence (+5).
Armour
 a - a +0 animal skin (worn)
Talismans
 c - a beast talisman (active)
 d - a flux talisman
Scrolls
 e - 8 scrolls of identify {unknown}
 g - a scroll of teleportation {unknown}
 l - a scroll of fear {unknown}
Potions
 b - 3 potions of lignification
 h - a potion of haste {unknown}
 i - a potion of attraction {unknown}
 j - a potion of curing {unknown}


   Skills:
 - Level 0.8 Fighting
 - Level 1.7 Dodging
 + Level 3.6 Unarmed Combat
 + Level 3.5 Shapeshifting


You had 2 spell levels left.
You didn't know any spells.
Your spell library contained the following spells:

 Spells                   Type           Power      Damage    Failure   Level
 Foxfire                  Conj/Fire      0%         2x1d4     26%         1
 Slow                     Hex            0%         N/A       26%         1
 Scorch                   Fire           0%         2d5       38%         2
 Confusing Touch          Hex            0%         N/A       63%         3
 Vampiric Draining        Necr           0%         2d6       63%         3
 Flame Wave               Conj/Fire      0%         2d4       95%         4
 Plasma Beam              Fire/Air       0%         2x1d10    100%        6
 Starburst                Conj/Fire      0%         6d3       100%        6
 Summon Cactus Giant      Summ           0%         N/A       100%        6


Dungeon Overview and Level Annotations

Branches:
Dungeon (4/15)
 Temple: D:4-7

Shops:
D:1 (


Innate Abilities, Weirdness & Mutations

You are a hulking beast.
Your limbs bulge with bestial killing power. (Slay +2)
You have an increased reservoir of magic. (+10% MP)
You shall have no god before yourself.
Your divine heritage dramatically boosts your attributes as you level up.


Message History

An adder is nearby!
You hit the adder.
You kill the adder!
HP restored.
Found a pair of boots.
No target in view!
An adder comes into view.
Found a scroll labelled WUWINWICZIAJ.
A gnoll comes into view.
It is wielding a +1 flail of protection.
There are monsters nearby!
Found a stone staircase leading up.
There are monsters nearby!
The gnoll shouts!
You hit the adder.
The adder is heavily wounded.
The adder closely misses you. The adder bites you.
You are poisoned.
The adder poisons you!
You miss the adder.
The adder is heavily wounded.
You feel very sick. The adder bites you but does no damage.
You closely miss the adder.
The adder is heavily wounded.
You feel sick. The adder bites you but does no damage.
The adder barely misses you.
A gnoll bouda comes into view. It is wielding a +0 club.
You sock the adder!
You kill the adder!
You feel sick.
The gnoll hits you with a +1 flail of protection!
You hit the gnoll.
The gnoll is poisoned.
The gnoll is heavily wounded.
You feel sick. The gnoll misses you.
The gnoll hits you with a +1 flail of protection!
* * * LOW HITPOINT WARNING * * *
You are too injured to fight recklessly!
It was a potion of might.
You feel very mighty all of a sudden.
You die...

#.### ...#+#+#####...#
#..........#.#.#
<..............#
......##.....#.#
........#....#.########
#.?......#..#........<#
#.....g..###...#.######
#......h###....#.#
####.g[#..#....#.#
#..#....#.....#
....#.....##..##
####..........##
....######### ####


You could see a gnoll bouda and a gnoll (very poisoned).

Vanquished Creatures
  3 adders
  An orc (D:3)
  2 endoplasms
  2 giant cockroaches (D:1)
  2 goblins
  2 jackals (D:4)
  5 quokkas
  3 ball pythons
  A bat (D:2)
  A frilled lizard (D:3)
  8 kobolds
  6 rats
36 creatures vanquished.

Notes
Turn   | Place    | Note
-------+----------+-------------------------------------------
     0 | D:1      | CowFu the Demigod Shapeshifter began the quest for the Orb.
     0 | D:1      | Reached XP level 1. HP: 15/15 MP: 3/3
   143 | D:1      | Found Untiodig's Weapon Boutique.
   411 | D:1      | Reached XP level 2. HP: 22/22 MP: 4/4
  1749 | D:3      | Identified the +5 mace of Fate {venom, Int+5}
  1815 | D:3      | Reached XP level 3. HP: 6/27 MP: 5/5
  1911 | D:3      | Identified the +0 ring mail of the Comet {MP+9}
  2282 | D:4      | HP: 1/27 [gnoll/+1 flail of protection[a gnoll bouda] (12)]
  2283 | D:4      | Succumbed to an adder's poison

Illustrated notes

Levels and vault maps discovered:
D:1:      shiori_shiawase, layout_loops_ring,
          shapermc_ecumenical_altar_hornbeckon, serial_shops,
          nicolae_shop_tiny_statue_garden
D:2:      layout_basic
D:3:      layout_basic, minmay_misc_feat_five
D:4:      layout_basic, minmay_misc_feat_chi

Skill      XL: |  1 |
---------------+----+-----
Unarmed Combat | 3 |  3.6
Shapeshifting  | 3 |  3.5
Fighting       | |  0.8
Dodging        | |  1.7

Action                     || total
---------------------------++-------
  Melee: Unarmed           ||    68
         Mace              ||    29
         Punch             ||     1
    Use: Potion            ||     1
 Armour: Animal skin       ||    14
  Dodge: Dodged            ||    63

Table legend: (Time is in decaauts)
 A = Elapsed time spent in this place.
 B = Non-inter-level travel time spent in this place.
 C = Inter-level travel time spent in this place.
 D = Time resting spent in this place.
 E = Time spent auto-exploring this place.
 F = Levels seen in this place.
 G = Mean time per level.
                   A        B        C        D        E       F      G
               +--------+--------+--------+--------+--------+-----+--------+
         Total |   2298 |   2190 |    108 |      0 |   1923 |   4 |  574.5 |
       Dungeon |   2298 |   2190 |    108 |      0 |   1923 |   4 |  574.5 |
               +--------+--------+--------+--------+--------+-----+--------+

Top non-repeatable levels by time:
     D:2: 890 daAuts
     D:1: 816 daAuts
     D:3: 548 daAuts
     D:4: 42 daAuts
